 Dungeon Crawl Stone Soup version 0.30.1 (webtiles) character file.

Game seed: 15606525164516199503

277 sweetbreads the Digger (level 6, -9/35 HPs)
             Began as a Gargoyle Earth Elementalist on July 12, 2023.
             Killed by divine providence
             ... invoked by an orc priest
              (13 damage)
             ... on level 3 of the Dungeon.
             The game lasted 00:09:16 (3259 turns).

sweetbreads the Digger (GrEE)                       Turns: 3259, Time: 00:09:16

Health: -9/35      AC:  7    Str: 11    XL:     6   Next: 25%
Magic:  1/9        EV: 12    Int: 18    God:
Gold:   196        SH:  0    Dex: 10    Spells: 5/9 levels left

rFire   . . .        q - +2 dagger (venom)
rCold   . . .        (no shield)
rNeg    + . .        a - +0 robe
rPois   ∞            (no helmet)
rElec   +            (no cloak)
rCorr   .            h - +0 pair of gloves
SInv    .            (no boots)
Will    .....        (no amulet)
Stlth   ++           (no ring)
HPRegen 0.25/turn    (no ring)
MPRegen 0.11/turn

%: no passive effects
@: no status effects
A: sickness immunity, AC +4, negative energy resistance 1, electricity
resistance, torment resistance 1, petrification resistance
a: no special abilities


You were on level 3 of the Dungeon.
You visited 1 branch of the dungeon, and saw 4 of its levels.

You collected 196 gold pieces.

Inventory:

Hand Weapons
 f - a +0 club
 q - a +2 dagger of venom (weapon)
 y - a +2 short sword of freezing
Missiles
 d - 10 poisoned darts (quivered)
 e - 3 curare-tipped darts
 j - 3 atropa-tipped darts
Armour
 a - a +0 robe (worn)
 h - a +0 pair of gloves (worn)
Wands
 s - a wand of charming (7)
 u - a wand of roots (7)
 x - a wand of flame (27)
Scrolls
 c - a scroll of magic mapping {unknown}
 g - 2 scrolls of enchant weapon {unknown}
 i - a scroll of blinking {unknown}
 k - a scroll of noise {unknown}
 l - a scroll of immolation {unknown}
 n - a scroll of vulnerability {unknown}
 p - a scroll of fog {unknown}
 r - 2 scrolls of teleportation {unknown}
 t - a scroll of poison {unknown}
Potions
 b - a potion of magic
 m - a potion of mutation {unknown}
 o - a potion of curing {unknown}
 v - a potion of attraction {unknown}
 w - 2 potions of might
 z - a potion of brilliance {unknown}
 A - a potion of heal wounds {unknown}


   Skills:
 * Level 2.1 Fighting
 * Level 2.2 Dodging
 * Level 3.3 Stealth
 - Level 2.1 Spellcasting
 * Level 1.5 Conjurations
 * Level 1.7 Transmutations
 + Level 5.9 Earth Magic


You had 5 spell levels left.
You knew the following spells:

 Your Spells              Type           Power      Damage    Failure   Level
a - Sandblast             Erth           46%        2d11      1%          1
b - Stone Arrow           Conj/Erth      30%        3d8       12%         3

Your spell library contained the following spells:

 Spells                   Type           Power      Damage    Failure   Level
 Passwall                 Tmut/Erth      12%        N/A       5%          2
 Dazzling Flash           Conj/Hex       8%         N/A       36%         3
 Hailstorm                Conj/Ice       4%         3d4       36%         3
 Petrify                  Tmut/Erth      15%        N/A       36%         4
 Ice Form                 Ice/Tmut       5%         N/A       77%         4
 Agony                    Necr           1%         N/A       99%         5
 Silence                  Hex/Air        0%         N/A       99%         5
 Simulacrum               Ice/Necr       0%         N/A       100%        6


Dungeon Overview and Level Annotations

Branches:
Dungeon (4/15)
 Temple: D:4-7

Altars:

Shops:
D:1 ?

Annotations:
D:4 1 runed translucent door, booth's ghost, amateur GrEE


Innate Abilities, Weirdness & Mutations

You are immune to sickness and miasma.
Your stone body is resilient. (AC +4)
You are immune to poison.
You resist negative energy. (rN+)
You are resistant to electric shocks. (rElec)
You are resistant to unholy torment.
You are immune to petrification.


Message History

The orc priest looks braver for a moment.
An orc comes into view. It is wielding a +0 short sword.
Unknown command.
Casting: Sandblast (safe; 1% risk of failure)
Confirm with . or Enter, or press ? or * to list all spells.
Aiming: Sandblast (safe; 1% risk of failure)
Press: ? - help, Shift-Dir - straight line, f/p - orc priest
Aim: an orc priest, wielding a +0 dagger (83% to hit)
The blast of sand hits Ijyb.
You kill Ijyb!
Unknown command.
Casting: Sandblast (safe; 1% risk of failure)
Confirm with . or Enter, or press ? or * to list all spells.
Aiming: Sandblast (safe; 1% risk of failure)
Press: ? - help, Shift-Dir - straight line, f/p - orc priest
Aim: an orc priest, wielding a +0 dagger (83% to hit)
The blast of sand hits the orc priest!
The orc priest is severely wounded.
Casting: Sandblast (safe; 1% risk of failure)
Confirm with . or Enter, or press ? or * to list all spells.
You don't have enough magic to cast this spell.
You hit the orc but do no damage.
The orc is poisoned.
The orc hits you but does no damage.
You hit the orc.
You kill the orc!
An orc priest comes into view. It is wielding a +0 club.
You hit the orc priest.
The orc priest is poisoned.
The orc priest is almost dead.
The orc priest calls upon Beogh to heal the orc priest.
The orc priest is healed somewhat.
The orc priest hits you with a +0 dagger.
* * * LOW HITPOINT WARNING * * *
You hit the orc priest.
The orc priest is severely wounded.
The orc priest hits you but does no damage.
The orc priest attacks as you move away!
The orc priest hits you but does no damage.
The orc priest mumbles some strange prayers to Beogh against you.
Beogh smites you!
You die...

##.## #..# #.# #...# ##.#
#.# #...# #)#######.#
#...# #.##.....># ###.#
#.##.###### # #.# #.##.#
####.########.##.#
..............##.##
####.########.#.@.#######
# #.# #...#.oo.o).# # #.#
#.#...#####.# # #.#
#.##.## .o # #.# #.##.#
.# ####.# #.##.# # .....#
#.##.# ####.# #.##.# #
#.#### #>##.#


You could see 2 orc priests and an orc.

Vanquished Creatures
  Jessica (D:2)
  Ijyb (D:3)
  Natasha (thrice) (D:2)
  7 adders
  4 worms
  A dart slug (D:1)
  An orc (D:3)
  7 ball pythons
  8 endoplasms
  A giant cockroach (D:1)
  5 hobgoblins
  7 jackals
  6 kobolds
  2 quokkas
  8 bats
  2 frilled lizards (D:3)
  8 goblins
  6 rats
78 creatures vanquished.

Notes
Turn   | Place    | Note
-------+----------+-------------------------------------------
     0 | D:1      | sweetbreads the Gargoyle Earth Elementalist began the quest
                  | for the Orb.
     0 | D:1      | Reached XP level 1. HP: 10/10 MP: 3/3
   129 | D:1      | Found Kumupt's Magic Scroll Boutique.
   255 | D:2      | Reached skill level 4 in Earth Magic
   255 | D:2      | Reached XP level 2. HP: 15/15 MP: 1/5
   727 | D:1      | Found a faded altar of an unknown god.
   855 | D:2      | Reached skill level 1 in Transmutations
   855 | D:2      | Reached XP level 3. HP: 19/20 MP: 0/6
   859 | D:2      | Learned a level 3 spell: Stone Arrow
  1061 | D:2      | Reached skill level 1 in Fighting
  1432 | D:2      | Reached XP level 4. HP: 25/25 MP: 5/7
  1833 | D:2      | Noticed Natasha
  1838 | D:2      | Killed Natasha
  1847 | D:2      | Noticed Jessica
  1849 | D:2      | Killed Jessica
  1850 | D:2      | Reached skill level 5 in Earth Magic
  1850 | D:2      | Reached XP level 5. HP: 29/30 MP: 5/8
  1889 | D:3      | Reached skill level 1 in Conjurations
  2372 | D:2      | Noticed Natasha
  2379 | D:2      | Killed Natasha
  2696 | D:2      | Noticed Natasha
  2701 | D:2      | Killed Natasha
  2702 | D:2      | Reached XP level 6. HP: 35/35 MP: 3/9
  3187 | D:4      | Found a runed translucent door.
  3187 | D:4      | Noticed booth's ghost (amateur GrEE)
  3240 | D:3      | Noticed Ijyb
  3246 | D:3      | HP: 1/35 [constriction (3)]
  3249 | D:3      | Killed Ijyb
  3259 | D:3      | Killed from afar by an orc priest

Illustrated notes

Levels and vault maps discovered:
D:1:      dpeg_arrival_oval, layout_loops_ring,
          shapermc_ecumenical_altar_mp_highgroup, serial_shops, shop
D:2:      layout_basic, chequers_serial_rivers_large_a,
          kennysheep_generic_room_9, uniq_jessica, uniq_natasha
D:3:      layout_loops_ring, uniq_ijyb
D:4:      layout_basic, nemelex_dance_club_becter, gammafunk_ghost_grave,
          uniq_robin

Skill      XL: |  1  2  3  4  5 |
---------------+----------------+-----
Earth Magic    | 4 5 |  5.9
Transmutations | 1 |  1.7
Fighting       | 1 2 |  2.1
Stealth        | 3 |  3.3
Dodging        | 2 |  2.2
Conjurations   | 1 |  1.5
Spellcasting   | |  2.1

Action                     |  1- 3 |  4- 6 || total
---------------------------+-------+-------++-------
  Melee: Unarmed           |     1 |       ||     1
         Club              |     3 |       ||     3
         Dagger            |       |    10 ||    10
   Cast: Sandblast         |    41 |    77 ||   118
 Armour: Robe              |     4 |     6 ||    10
  Dodge: Dodged            |     5 |    15 ||    20
